 Dungeon Sprint DCSS version 0.24-a0-312-g16217b4a02 (webtiles) character file.

Game seed: 18159028556351960623

1400000 Hercules1031 the Spry (level 14, -36/163 HPs)
             Began as a Troll Monk on May 15, 2019.
             Was a Priest of Makhleb.
             Annihilated by a meat berserker
             ... wielding a +9 battleaxe
              (74 damage)
             ... in the Dungeon (Sprint VIII: "Arena of Blood").
             The game lasted 00:00:59 (14 turns).

Hercules1031 the Spry (Troll Monk)                    Turns: 14, Time: 00:01:00

Health: -36/163    AC:  7    Str: 22    XL:     14   Next: 27%
Magic:  13/13      EV: 22    Int:  6    God:    Makhleb [***...]
Gold:   0          SH:  0    Dex: 16    Spells: 13/13 levels left

rFire    . . .     SeeInvis .   (no weapon)
rCold    . . .     Gourm    +   (no shield)
rNeg     . . .     Faith    .   b - +0 robe
rPois    .         Spirit   .   (helmet restricted)
rElec    .         Reflect  .   (no cloak)
rCorr    .         Harm     .   (gloves unavailable)
MR       +....     NoTele   +   (boots unavailable)
Stlth    ++........             (no amulet)
HPRegen  0.77/turn              (no ring)
MPRegen  0.13/turn              (no ring)

@: no status effects
A: large, unfitting armour, claws 3, fast metabolism 3, gourmand, regeneration
1, shaggy fur 1, tough skin 3
a: Minor Destruction, Lesser Servant of Makhleb, Renounce Religion


You were in the Dungeon.
You worshipped Makhleb.
Makhleb was most pleased with you.
You were not hungry.

You visited 1 branch

Inventory:

Hand Weapons
 a - a +0 hand axe
 j - the +∞ Axe of Woe
   (You found it in the Dungeon)
Armour
 b - a +0 robe (worn)
Scrolls
 i - a scroll of blinking
Potions
 d - a potion of curing
 e - a potion of heal wounds
 f - a potion of haste
 g - 2 potions of magic
 h - a potion of berserk rage
Comestibles
 c - 2 rations


   Skills:
 + Level 16.8 Fighting
 + Level 16.8 Axes
 + Level 16.6 Armour
 + Level 16.8 Dodging
 - Level 1.0 Stealth


You had 13 spell levels left.
You didn't know any spells.
Your spell library was empty.

Dungeon Overview and Level Annotations

Branches:
Dungeon (1/1)

Altars:
Makhleb


Innate Abilities, Weirdness & Mutations

You are too large for most types of armour.
You have claws for hands.
Your metabolism is lightning-fast.
You like to eat raw meat.
Your natural rate of healing is unusually fast.
You are covered in fur. (AC +1)
You have extremely tough skin. (AC +3)


Message History

You hear a shout!
The bag of meat barely misses you.
You hear a shout!
The bag of meat hits you with a +9 war axe!
You hear a shout! x7
The bag of meat completely misses you.
Unknown command.
Really attack barehanded?
Okay, then.
Really attack barehanded?
Okay, then.
Okay, then.
Unknown command.
Unknown command.
j - the +∞ Axe of Woe The meat berserker hits you with a +9 battleaxe!!!
* * * LOW HITPOINT WARNING * * *
You hear a shout!
The meat berserker hits you with a +9 battleaxe!!!!
You die...

#... .# .#... #...
..# .....###...
..###.
..........###......
..#........_......
#.......#.....#
........#_.<._#
#.....O.#.....#..
#..Oo@oo._......
......Ooo.###......
.....###.......###.
..o. #.......# ...
#.......# ..
......... .
.........
..........


You could see 3 meat berserkers and 6 bags of meat.

Vanquished Creatures
  4 orcs (D)
4 creatures vanquished.

Notes
Turn   | Place    | Note
-------+----------+-------------------------------------------
     0 | D        | Found the +∞ Axe of Woe
     0 | D        | Hercules1031 the Troll Monk began the quest for the Orb.
     0 | D        | Reached XP level 1. HP: 22/22 MP: 0/0
     2 | D        | Noticed a bag of meat
     4 | D        | Became a worshipper of Makhleb the Destroyer
     4 | D        | Reached * piety under Makhleb
     4 | D        | Reached ** piety under Makhleb
     6 | D        | Noticed a bag of meat
     6 | D        | Noticed a bag of meat
     7 | D        | Noticed a bag of meat
     7 | D        | Noticed a bag of meat
     7 | D        | Noticed a bag of meat
     7 | D        | Noticed a bag of meat
     8 | D        | Noticed a bag of meat
     8 | D        | Noticed a bag of meat
     9 | D        | Killed a bag of meat
     9 | D        | Reached XP level 2. HP: 50/50 MP: 1/1
     9 | D        | Reached XP level 3. HP: 58/58 MP: 2/2
     9 | D        | Reached XP level 4. HP: 67/67 MP: 3/3
     9 | D        | Reached XP level 5. HP: 75/75 MP: 4/4
     9 | D        | Reached XP level 6. HP: 84/84 MP: 5/5
     9 | D        | Reached XP level 7. HP: 92/92 MP: 6/6
     9 | D        | Reached XP level 8. HP: 101/101 MP: 7/7
     9 | D        | Reached XP level 9. HP: 109/109 MP: 8/8
     9 | D        | Reached XP level 10. HP: 118/118 MP: 9/9
     9 | D        | Reached XP level 11. HP: 124/124 MP: 10/10
     9 | D        | Noticed a meat berserker
     9 | D        | Noticed a meat berserker
    10 | D        | Noticed a meat berserker
    10 | D        | Killed a bag of meat
    10 | D        | Reached XP level 12. HP: 140/140 MP: 11/11
    11 | D        | Killed a bag of meat
    11 | D        | Reached skill level 15 in Fighting
    11 | D        | Reached skill level 15 in Axes
    11 | D        | Reached skill level 15 in Armour
    11 | D        | Reached skill level 15 in Dodging
    11 | D        | Reached XP level 13. HP: 152/152 MP: 12/12
    11 | D        | Noticed a bag of meat
    12 | D        | Killed a bag of meat
    12 | D        | Reached *** piety under Makhleb
    12 | D        | Reached XP level 14. HP: 163/163 MP: 13/13
    14 | D        | Annihilated by a meat berserker

Levels and vault maps discovered:
D:        meatsprint

Skill      XL: |  1  2  3  4  5  6  7  8  9 10 11 12 13 |
---------------+----------------------------------------+-----
Fighting       | 12 14 15 16 | 16.8
Axes           | 12 14 15 16 | 16.8
Armour         | 12 14 15 16 | 16.6
Dodging        | 12 14 15 16 | 16.8
Stealth        | |  1.0

Action                   |  1- 3 |  4- 6 |  7- 9 | 10-12 | 13-15 || total
-------------------------+-------+-------+-------+-------+-------++-------
Melee: Executioner's axe |     1 |       |       |     2 |     1 ||     4
Dodge: Dodged            |       |       |       |     1 |     2 ||     3

Table legend:
 A = Non-vault XP
 B = Vault XP
 C = Vault XP percentage of total XP
 D = Non-vault monster count
 E = Vault monster count
 F = Vault count percentage of total count
                 A         B        C        D         E       F
            +---------+---------+-------+---------+---------+-------
      Total |   37520 |   37520 |  50.0 |       2 |       2 |  50.0
            +---------+---------+-------+---------+---------+-------
          D |   37520 |   37520 |  50.0 |       2 |       2 |  50.0
            +---------+---------+-------+---------+---------+-------
